 Dungeon Crawl Stone Soup version 0.29.1-12-g30fa7ad0bf (webtiles) character file.

Game seed: 6964514561094259592

107 Revguard the Sneak (level 4, 0/35 HPs)
             Began as a Demonspawn Brigand on Jan 10, 2023.
             Killed by divine providence
             ... invoked by an orc priest
              (8 damage)
             ... on level 2 of the Dungeon.
             The game lasted 00:06:53 (1984 turns).

Revguard the Sneak (Demonspawn Brigand)             Turns: 1984, Time: 00:06:54

Health: 0/35       AC:  6    Str: 11    XL:     4   Next: 57%
Magic:  5/5        EV: 11    Int: 13    God:
Gold:   94         SH:  0    Dex: 16    Spells: 3/3 levels left

rFire   . . .      SeeInvis .   h - +0 short sword
rCold   . . .      Faith    .   (no shield)
rNeg    . . .      Spirit   .   g - +0 leather armour
rPois   .          Reflect  .   (no helmet)
rElec   .          Harm     .   c - +0 cloak
rCorr   .          Rampage  .   (no gloves)
Will    .....                   n - +0 pair of boots
Stlth   +++.......              (no amulet)
HPRegen 0.11/turn               (no ring)
MPRegen 0.09/turn               (no ring)

@: no status effects
A: claws 2, rugged brown scales 1
a: no special abilities


You were on level 2 of the Dungeon.
You visited 1 branch of the dungeon, and saw 2 of its levels.

You collected 94 gold pieces.

Inventory:

Hand Weapons
 a - a +2 dagger
 h - a +0 short sword (weapon)
Missiles
 d - 4 poisoned darts (quivered)
Armour
 b - a +0 robe
 c - a +0 cloak (worn)
 g - a +0 leather armour (worn)
 n - a +0 pair of boots (worn)
Scrolls
 k - a scroll of enchant weapon {unknown}
Potions
 f - a potion of curing {unknown}
 j - a potion of invisibility {unknown}
 l - a potion of flight {unknown}
 m - a potion of cancellation {unknown}


   Skills:
 + Level 2.5 Fighting
 + Level 2.1 Short Blades
 - Level 1.7 Throwing
 + Level 0.9 Armour
 + Level 1.4 Dodging
 * Level 4.3 Stealth
 + Level 1.7 Invocations
 + Level 1.3 Evocations


You had 3 spell levels left.
You didn't know any spells.
Your spell library was empty.

Dungeon Overview and Level Annotations

Branches:
Dungeon (2/15)

Altars:


Innate Abilities, Weirdness & Mutations

You have very sharp fingernails.
You are partially covered in rugged brown scales. (AC +1, +3% HP)


Message History

Throw: 7 darts (poison)
Press: ? - help, Q - select action Shift-Dir - straight line, f/p - orc priest
Aim: an orc priest, wielding a +0 trident and wearing a +0 leather armour (60% to hit)
You throw a poisoned dart. The poisoned dart hits the orc.
The orc looks even sicker.
The orc is severely wounded.
You kill the orc!
Throw: 6 darts (poison)
Press: ? - help, Q - select action Shift-Dir - straight line, f/p - orc priest
Aim: an orc priest, wielding a +0 trident and wearing a +0 leather armour (60% to hit)
You throw a poisoned dart. The poisoned dart hits the orc priest.
The orc priest is poisoned.
The orc priest invokes the aid of Beogh against you.
Beogh smites you!
* * * LOW HITPOINT WARNING * * *
You closely miss the hobgoblin. The hobgoblin barely misses you.
You hit the hobgoblin but do no damage. The hobgoblin closely misses you.
The hobgoblin attacks as you move away! The hobgoblin closely misses you.
The hobgoblin attacks as you move away! The hobgoblin barely misses you.
The hobgoblin attacks as you move away! The hobgoblin hits you.
* * * LOW HITPOINT WARNING * * *
The hobgoblin attacks as you move away! The hobgoblin closely misses you.
Throw: 5 darts (poison)
Press: ? - help, Q - select action Shift-Dir - straight line, f - hobgoblin
Aim: a hobgoblin (60% to hit)
You throw a poisoned dart. The poisoned dart hits the hobgoblin.
The hobgoblin completely misses you. The hobgoblin attacks as you move away!
The hobgoblin barely misses you. The hobgoblin attacks as you move away!
The hobgoblin closely misses you.
Found a falchion.
You hit the hobgoblin but do no damage.
The hobgoblin hits you but does no damage.
You closely miss the hobgoblin. The hobgoblin barely misses you.
You barely miss the hobgoblin. The orc misses you. The hobgoblin misses you.
As you read the scroll labelled XUEDGH PIBYOG, it crumbles to dust.
It is a scroll of amnesia.
You feel forgetful for a moment.
The orc priest mumbles some strange prayers to Beogh against you.
Beogh smites you!
You die...

... #..#..###.....#.# # ..
##.......#..##.# ## ## .
#....(...#..#.... .. ##...##
#..#.....#.##.....# # #......###
#...........#..#...###
#...##...#####...o#...##.##......
.....#.....#.###...#..#.. .......
.##.......##...###..o##.# ##.###.
.#.......†#..)..@###.#..####.###.
.........##.####.g.#.#.....#.....
.#.......#......##o.o#.....#####.
...#....##.#........##.....#####.
##......#...........#............
###..)##.##.....#.##.......####.
###......#..[...##...†..## ##
#####.....#..#####....#
###......# #..###


You could see an orc priest, an orc and a hobgoblin.

Vanquished Creatures
  Jessica (D:2)
  Terence (D:2)
  2 adders (D:2)
  3 dart slugs
  2 orcs (D:2)
  A bat (D:2)
  4 endoplasms
  3 goblins (D:1)
  3 hobgoblins
  A quokka (D:1)
  3 ball pythons
  3 kobolds
  5 rats
32 creatures vanquished.

Notes
Turn   | Place    | Note
-------+----------+-------------------------------------------
     0 | D:1      | Revguard the Demonspawn Brigand began the quest for the
                  | Orb.
     0 | D:1      | Reached XP level 1. HP: 16/16 MP: 1/1
   220 | D:1      | Reached skill level 1 in Dodging
   369 | D:1      | Gained mutation: You have sharp fingernails. [demonic
                  | ancestry]
   369 | D:1      | Reached XP level 2. HP: 22/22 MP: 2/2
  1107 | D:2      | Reached skill level 4 in Stealth
  1107 | D:2      | Gained mutation: You are partially covered in rugged brown
                  | scales. (AC +1, +3% HP) [demonic ancestry]
  1107 | D:2      | Reached XP level 3. HP: 22/27 MP: 3/3
  1174 | D:2      | Noticed Jessica
  1194 | D:2      | Killed Jessica
  1195 | D:2      | Reached skill level 1 in Invocations
  1195 | D:2      | Reached skill level 1 in Evocations
  1490 | D:2      | Gained mutation: You have very sharp fingernails. [demonic
                  | ancestry]
  1490 | D:2      | Reached XP level 4. HP: 33/35 MP: 4/4
  1496 | D:2      | Noticed Terence
  1512 | D:2      | Killed Terence
  1984 | D:2      | Killed from afar by an orc priest

Illustrated notes

Levels and vault maps discovered:
D:1:      lemuel_arrival_tunnels, layout_basic, chequers_serial_rivers_large_a
D:2:      minmay_skewed_foursquare, layout_basic, serial_rivers,
          chequers_serial_rivers_large_b, chequers_serial_rivers_micro_a,
          chequers_serial_rivers_small_3, chequers_serial_rivers_micro_c,
          chequers_serial_rivers_room_b, amcnicky_mini_pool_small,
          nicolae_elevator_lobby_plus, uniq_jessica, uniq_terence

Skill      XL: |  1  2  3 |
---------------+----------+-----
Dodging        | 1 |  1.4
Stealth        | 4 |  4.3
Short Blades   | 2 |  2.1
Invocations    | 1 |  1.7
Evocations     | 1 |  1.3
Fighting       | |  2.5
Throwing       | |  1.7
Armour         | |  0.9

Action                   |  1- 3 |  4- 6 || total
-------------------------+-------+-------++-------
Melee: Dagger            |    28 |    27 ||    55
       Short sword       |    32 |     6 ||    38
Throw: Dart              |     2 |    12 ||    14
  Use: Scroll            |       |     1 ||     1
 Stab: Sleeping          |     6 |     1 ||     7
Armor: Leather armour    |     9 |    11 ||    20
       Robe              |     1 |       ||     1
Dodge: Dodged            |    26 |    31 ||    57
